 Dungeon Crawl Stone Soup version 0.31-a0-246-g8cbcc1cb85 (webtiles) character file.

Game seed: 8683844819109854124

285 Midn8 the Ruffian (level 6, -4/76 HPs)
             Began as a Draconian Shapeshifter on July 13, 2023.
             Slain by Duvessa
             ... wielding a +0 short sword
              (12 damage)
             ... on level 4 of the Dungeon.
             The game lasted 00:07:02 (3471 turns).

Midn8 the Ruffian (Draconian Shapeshifter)          Turns: 3471, Time: 00:07:03

Health: -4/76      AC:  6    Str: 17    XL:     6   Next: 7%
Magic:  0/6        EV: 12    Int:  8    God:
Gold:   143        SH:  0    Dex: 14    Spells: 5/5 levels left

rFire   . .          .
                       - Unarmed
rCold   . . .        (no shield)
rNeg    + . .        (body armour unavailable)
rPois   .            (helmet currently unavailable)
rElec   .            (cloak currently unavailable)
rCorr   .            (gloves currently unavailable)
SInv    .            (boots currently unavailable)
Will    .....        n - amulet of guardian spirit Stlth
                     j - ring of positive energy
HPRegen 0.32/turn    (no ring)
MPRegen 0.10/turn

%: guardian spirit
@: berserking, beast-form, very quick
A: beast (slay +2), AC +6, unfitting armour, cold-blooded
a: no special abilities


You were on level 4 of the Dungeon.
You were a hulking beast.
You visited 1 branch of the dungeon, and saw 4 of its levels.

You collected 143 gold pieces.

Inventory:

Missiles
 e - a throwing net
Armour
 l - a +2 pair of boots
Jewellery
 j - a ring of positive energy (left hand)
 n - an amulet of guardian spirit (around neck)
Talismans
 b - a beast talisman
Wands
 o - a wand of flame (14)
Scrolls
 c - a scroll of immolation
 f - 2 scrolls of enchant armour
 h - a scroll of noise
Potions
 d - 2 potions of brilliance
 p - a potion of attraction


   Skills:
 + Level 3.4 Fighting
 - Level 1.7 Dodging
 - Level 6.0 Unarmed Combat
 - Level 3.0 Shapeshifting


You had 5 spell levels left.
You didn't know any spells.
Your spell library contained the following spells:

 Spells                   Type           Power      Damage    Failure   Level
 Freeze                   Ice            0%         1d3       41%         1
 Dazzling Flash           Conj/Hex       0%         N/A       78%         3
 Frozen Ramparts          Ice            0%         1d1       78%         3
 Hailstorm                Conj/Ice       0%         3d3       78%         3
 Volatile Blastmotes      Fire/Tloc      0%         2d10      78%         3
 Starburst                Conj/Fire      0%         6d3       100%        6
 Maxwell's Capacitive Co  Air            0%         ∞         100%        8


Dungeon Overview and Level Annotations

Branches:
Dungeon (4/15)
 Temple: D:4-7

Altars:

Annotations:
D:4 4 exclusions, Duvessa


Innate Abilities, Weirdness & Mutations

You are a hulking beast.
Your limbs bulge with bestial killing power. (Slay +2)
Your plain brown scales are hard. (AC +6)
You cannot fit into any form of body armour.
You are cold-blooded and may be slowed by cold attacks.


Message History

Duvessa shouts!
Duvessa goes berserk!
Duvessa closely misses you.
Okay, then.
Okay, then.
As you read the scroll labelled PINICU ISUTA, it crumbles to dust.
You hear a loud clanging noise!
It was a scroll of noise.
Duvessa hits you with a +0 short sword!
As you read the scroll labelled NELLAMIBUI, it crumbles to dust.
Magic quickly surges around you.
It was a scroll of vulnerability.
Duvessa hits you with a +0 short sword! Duvessa hits you with a +0 short sword.
As you read the scroll labelled CITESA BYPU, it crumbles to dust.
You assume a fearsome visage.
Duvessa is unaffected.
It was a scroll of fear.
Duvessa closely misses you.
As you read the scroll labelled CIQAUD NUAR, it dissolves into smoke.
It was a scroll of fog.
Duvessa hits you with a +0 short sword!
* * * LOW HITPOINT WARNING * * *
Duvessa hits you with a +0 short sword.
* * * LOW HITPOINT WARNING * * *
Unknown command.
Okay, then.
It was a potion of attraction.
You feel attractive to monsters. Duvessa misses you.
It was a potion of cancellation.
Your magical effects are unravelling.
You feel magically purged.
You feel your willpower return. Duvessa closely misses you.
Duvessa hits you with a +0 short sword.
* * * LOW HITPOINT WARNING * * *
You feel less attractive to monsters.
It was a potion of berserk rage.
A red film seems to cover your vision as you go berserk!
You feel yourself moving faster!
You feel mighty! Duvessa closely misses you.
You punch Duvessa! You tail-slap Duvessa!
Duvessa is heavily wounded.
Duvessa misses you.
You punch Duvessa! You tail-slap Duvessa.
Duvessa is severely wounded.
Duvessa hits you with a +0 short sword!
You die...

#..##.#.....#...###.........
#......#....#....#.###...###
#......##...#.....#...###...
########.###.#....#....#....
........#...###...#.....#...
#######.#....#.###.#....#...
#.#§§§§§#...###...#...
#.##e§§§#....#.###.#.#
###..>.#.###h§§#..<..#...###.
......#.##§###.#....#....#..
#.....#.###(..###...#.....#.
###.....#.#
#....#.###.#....#. #
.......#.# #.....#...###...#.
#.###..... #.#
##..[.#....#.###.# #.#.#..#.#
#.# ##...#.....#...##
#>.....#.###.#
#####.#....#....#
##...........#
#....###...#.....


You could see Duvessa (berserk, weak-willed).

Vanquished Creatures
  A scorpion (D:2)
  Dowan (D:4)
  A hound (D:4)
  An orc wizard (D:2)
  Robin (D:4)
  An adder (D:3)
  2 worms
  2 dart slugs
  4 orcs
  7 ball pythons
  5 endoplasms
  5 giant cockroaches
  17 goblins
  8 hobgoblins
  6 jackals (D:1)
  8 kobolds
  2 quokkas
  4 bats
  4 frilled lizards
  3 rats
  2 butterflies (D:1)
85 creatures vanquished.

Notes
Turn   | Place    | Note
-------+----------+-------------------------------------------
     0 | D:1      | Midn8 the Draconian Shapeshifter began the quest for the
                  | Orb.
     0 | D:1      | Reached XP level 1. HP: 17/17 MP: 1/1
   105 | D:1      | Reached XP level 2. HP: 24/24 MP: 2/2
   178 | D:1      | Reached skill level 3 in Unarmed Combat
   530 | D:1      | Reached XP level 3. HP: 29/29 MP: 3/3
  1135 | D:2      | Reached skill level 4 in Unarmed Combat
  1221 | D:1      | Reached XP level 4. HP: 29/36 MP: 4/4
  1557 | D:2      | Noticed a scorpion
  1567 | D:2      | Killed a scorpion
  1568 | D:2      | Reached skill level 5 in Unarmed Combat
  1568 | D:2      | Reached XP level 5. HP: 41/41 MP: 5/5
  3047 | D:4      | Noticed Dowan
  3072 | D:4      | Killed Dowan
  3073 | D:4      | Reached skill level 6 in Unarmed Combat
  3152 | D:4      | Reached XP level 6. HP: 51/51 MP: 6/6
  3156 | D:4      | Noticed Robin
  3178 | D:4      | Killed Robin
  3462 | D:4      | Noticed Duvessa
  3471 | D:4      | Slain by Duvessa

Illustrated notes

Levels and vault maps discovered:
D:1:      ebering_trefoil_3fold, layout_loops_corners, serial_forest,
          infiniplex_forest_pool, infiniplex_forest_lined_ring,
          infiniplex_forest_end_3, infiniplex_forest_split,
          infiniplex_forest_clump_large, infiniplex_forest_end_2,
          hangedman_glass_garden, kennysheep_boxes
D:2:      layout_basic, chequers_serial_rivers_micro_e,
          dreamdust_princess_bridge
D:3:      layout_basic
D:4:      nicolae_BIG_FREAKIN_CUBE, layout_basic, uniq_robin, uniq_duvessa

Skill      XL: |  1  2  3  4  5 |
---------------+----------------+-----
Unarmed Combat | 3 4 5 6 |  6.0
Fighting       | 3 |  3.4
Dodging        | |  1.7
Shapeshifting  | |  3.0

Action                     |  1- 3 |  4- 6 || total
---------------------------+-------+-------++-------
  Melee: Unarmed           |    82 |    86 ||   168
         Tailslap          |    11 |    12 ||    23
         Punch             |     2 |     2 ||     4
    Use: Scroll            |     2 |     6 ||     8
         Potion            |       |     4 ||     4
   Stab: Sleeping          |     1 |     3 ||     4
 Armour: Skin              |    13 |    18 ||    31
  Dodge: Dodged            |    45 |    36 ||    81

Table legend: (Time is in decaauts)
 A = Elapsed time spent in this place.
 B = Non-inter-level travel time spent in this place.
 C = Inter-level travel time spent in this place.
 D = Time resting spent in this place.
 E = Time spent auto-exploring this place.
 F = Levels seen in this place.
 G = Mean time per level.
                   A        B        C        D        E       F      G
               +--------+--------+--------+--------+--------+-----+--------+
         Total |   3459 |   3379 |     80 |    255 |   2554 |   4 |  864.8 |
       Dungeon |   3459 |   3379 |     80 |    255 |   2554 |   4 |  864.8 |
               +--------+--------+--------+--------+--------+-----+--------+

Top non-repeatable levels by time:
     D:1: 1163 daAuts
     D:2: 986 daAuts
     D:4: 665 daAuts
     D:3: 644 daAuts
